 Dungeon Crawl Stone Soup version 0.22-a0-475-g101988f (webtiles) character file.

183220 DrEnzyme the Spry (level 18, -1/147 HPs)
             Began as an Octopode Wanderer on June 12, 2018.
             Was an Initiate of Gozag.
             Slain by a two-headed ogre
             ... wielding a +0 giant spiked club
              (31 damage)
             ... while paralysed by an ogre mage
             ... on level 1 of the Depths on June 13, 2018.
             The game lasted 05:49:25 (52988 turns).

DrEnzyme the Spry (Octopode Wanderer)              Turns: 52988, Time: 05:49:31

Health: -1/147     AC:  3    Str: 25    XL:     18   Next: 36%
Magic:  33/48      EV:  2    Int: 17    God:    Gozag
Gold:   1487       SH:  0    Dex: 21    Spells: 3/33 levels left

rFire    + . .     SeeInvis +     - Unarmed
rCold    + + +     Gourm    .   Q - +2 buckler "Oraiw" {rC+ rN+}
rNeg     + + .     Faith    .   C - +2 hat
rPois    +         Spirit   .   m - amulet of Ygur {*Corrode +Rage rElec rC+ SInv}
rElec    +         Reflect  .   V - ring of the Final Lives {rPois Str+4 Int+3}
rCorr    +         Harm     .   U - ring of Rihobase {rF+ rN+ Dex+4}
MR       +....                  l - +3 ring of strength
Stlth    ++++......             t - ring of Ufene {Str+4 Stlth+}
HPRegen  0.34/turn              d - ring of the Prince {+Fly rC++ MP+9}
MPRegen  0.31/turn              u - ring of Aroesuax {rCorr +Blink}
                                e - ring of magical power
                                z - ring of wizardry

@: paralysed, gold aura, very slightly contaminated
A: almost no armour, stealthy swim, amphibious, 8 rings, constrict 8, large bone
plates 1, camouflage 1, see invisible, robust 1, gelatinous body 1
a: Potion Petition, Call Merchant, Bribe Branch, Renounce Religion, Evoke Blink,
Evoke Berserk Rage, Evoke Flight


You were on level 1 of the Depths.
You worshipped Gozag.
Gozag was most pleased with you.
You were not hungry.

You visited 7 branches of the dungeon, and saw 31 of its levels.
You visited 1 bazaar.
You also visited: Bailey.

You collected 11317 gold pieces.
You spent 2445 gold pieces at shops.
You paid 7385 gold pieces to Gozag.

Inventory:

Hand Weapons
 y - the +6 scimitar of Prescription {flame, rC+ rN+ Int+3}
   (You found it on level 3 of the Lair of Beasts)

   It has been specially enchanted to burn those struck by it, causing extra
   injury to most foes and up to half again as much damage against particularly
   susceptible opponents.
   Big, fiery blades are also staple armaments of hydra-hunters.
   It affects your intelligence (+3).
   It protects you from cold.
   It protects you from negative energy.
Missiles
 x - 492 arrows
Armour
 a - a +3 buckler of positive energy
 C - a +2 hat (worn)
 P - a +0 shield of reflection
 Q - the +2 buckler "Oraiw" (worn) {rC+ rN+}
   (You found it on level 2 of the Elven Halls)

   It protects you from cold.
   It protects you from negative energy.
Magical Staves
 s - an uncursed staff of poison
Jewellery
 d - the ring of the Prince (on tentacle) {+Fly rC++ MP+9}
   (You took it off a deep elf sorcerer on level 3 of the Elven Halls)

   [ring of magical power]

   It greatly protects you from cold.
   It affects your magic capacity (+9).
   It lets you fly.
 e - a ring of magical power (on tentacle)
 f - an uncursed ring of poison resistance
 h - an uncursed amulet of regeneration
 k - an uncursed amulet of guardian spirit
 l - a +3 ring of strength (on tentacle)
 m - the amulet of Ygur (around mantle) {*Corrode +Rage rElec rC+ SInv}
   (You acquired it on level 8 of the Dungeon)

   [amulet of rage]

   It protects you from cold.
   It insulates you from electricity.
   It lets you see invisible.
   It lets you go berserk.
   It may corrode you when you take damage.
 r - an uncursed ring of fire
 t - the ring of Ufene (on tentacle) {Str+4 Stlth+}
   (You took it off an orc on level 1 of the Orcish Mines)

   [ring of stealth]

   It affects your strength (+4).
   It makes you more stealthy.
 u - the ring of Aroesuax (on tentacle) {rCorr +Blink}
   (You took it off an orc warlord on level 1 of the Orcish Mines)

   [ring of resist corrosion]

   It lets you blink.
 z - a ring of wizardry (on tentacle)
 F - an uncursed ring of protection from magic
 N - an uncursed ring of positive energy
 U - the ring of Rihobase (right tentacle) {rF+ rN+ Dex+4}
   (You took it off a deep elf mage on level 3 of the Elven Halls)

   [ring of protection from fire]

   It affects your dexterity (+4).
   It protects you from fire.
   It protects you from negative energy.
 V - the ring of the Final Lives (left tentacle) {rPois Str+4 Int+3}
   (You took it off a deep elf elementalist on level 3 of the Elven Halls)

   [ring of strength]

   It affects your strength (+4).
   It affects your intelligence (+3).
   It protects you from poison.
 X - a +3 amulet of reflection
Wands
 b - a wand of flame (66)
 G - a wand of polymorph (10)
 H - a wand of acid (11)
Scrolls
 i - 8 scrolls of identify
 p - a scroll of enchant weapon
 q - 3 scrolls of amnesia
 v - 2 scrolls of blinking
 w - a scroll of summoning
 D - 6 scrolls of fog
 J - 4 scrolls of fear
 K - 5 scrolls of remove curse
 L - 5 scrolls of teleportation
 O - 3 scrolls of brand weapon
 R - 2 scrolls of enchant armour
 S - a scroll of silence
Potions
 c - 3 potions of mutation
 g - 5 potions of brilliance
 j - 2 potions of ambrosia
 n - 8 potions of flight
 A - a potion of magic
 B - 5 potions of curing
 E - a potion of lignification
 I - 2 potions of resistance
 M - a potion of cancellation
 T - a potion of might
 W - a potion of invisibility
Miscellaneous
 Y - a phantom mirror
 Z - a lamp of fire
Comestibles
 o - 2 rations


   Skills:
 + Level 15.2 Fighting
   Level 1.0(1.2) Maces & Flails
 - Level 1.0(1.2) Staves
 + Level 16.0 Dodging
 + Level 9.9 Shields
 + Level 15.9 Unarmed Combat
 - Level 8.4 Spellcasting
 - Level 3.2 Charms
 - Level 6.3 Transmutations
 - Level 5.5 Poison Magic
 + Level 9.7 Evocations


You had 3 spell levels left.
You knew the following spells:

 Your Spells              Type           Power        Failure   Level  Hunger
a - Shroud of Golubria    Chrm/Tloc      ##........   3%          2    None
b - Regeneration          Chrm/Necr      ##........   6%          3    #......
c - Ice Form              Ice/Tmut       ###.....     11%         4    ###....
d - Dispel Undead         Necr           #.......     69%         5    #####..
e - Swiftness             Chrm/Air       ##......     3%          2    None
f - Blade Hands           Tmut           ####......   9%          5    #####..
g - Poisonous Vapours     Pois/Air       ###...       1%          2    None
h - Sticks to Snakes      Tmut           ####....     1%          2    None
i - Olgreb's Toxic Radia  Pois           ####....     4%          4    ###....
j - Summon Butterflies    Summ           #.......     4%          1    None

Your spell library contained the following spells:

 Spells                   Type           Power        Failure   Level  Hunger
 Magic Dart               Conj           #...         4%          1    None
 Fireball                 Conj/Fire      #.........   69%         5    #####..
 Conjure Flame            Conj/Fire      #.......     12%         3    #......
 Bolt of Fire             Conj/Fire      #.........   99%         6    ######.
 Bolt of Cold             Conj/Ice       #.........   99%         6    ######.
 Lightning Bolt           Conj/Air       #.........   69%         5    #####..
 Bolt of Magma            Conj/Fire/Erth #.........   69%         5    #####..
 Invisibility             Hex            #.......     99%         6    ######.
 Throw Frost              Conj/Ice       #.....       6%          2    None
 Controlled Blink         Tloc           N/A          100%        8    #######
 Freezing Cloud           Conj/Ice/Air   #.........   99%         6    ######.
 Mephitic Cloud           Conj/Pois/Air  ##......     6%          3    #......
 Ring of Flames           Chrm/Fire      ##........   100%        7    #######
 Venom Bolt               Conj/Pois      ###.......   32%         5    #####..
 Bolt of Draining         Conj/Necr      #.........   69%         5    #####..
 Lehudib's Crystal Spear  Conj/Erth      #.........   100%        8    #######
 Fire Storm               Conj/Fire      #.........   100%        9    #######
 Iskenderun's Mystic Bla  Conj           #.......     36%         4    ###....
 Sticky Flame             Conj/Fire      #.......     36%         4    ###....
 Summon Ice Beast         Ice/Summ       #.......     36%         4    ###....
 Poison Arrow             Conj/Pois      ###.......   86%         6    ######.
 Sting                    Conj/Pois      ###.         1%          1    None
 Sublimation of Blood     Necr           #.........   6%          2    None
 Corpse Rot               Necr           N/A          6%          2    None
 Shock                    Conj/Air       #...         4%          1    None
 Agony                    Necr           #.......     69%         5    #####..
 Spider Form              Tmut/Pois      ####......   1%          3    #......
 Glaciate                 Conj/Ice       #.........   100%        9    #######
 Airstrike                Air            #.........   36%         4    ###....
 Passwall                 Tmut/Erth      ###.....     1%          2    None
 Ignite Poison            Fire/Tmut/Pois ###.....     2%          3    #......
 Call Canine Familiar     Summ           #.......     12%         3    #......
 Silence                  Hex/Air        #.........   69%         5    #####..
 Dispersal                Tloc           #.........   99%         6    ######.
 Static Discharge         Conj/Air       #.......     12%         3    #......
 Alistair's Intoxication  Tmut/Pois      ####....     10%         5    #####..
 Lee's Rapid Deconstruct  Erth           #.........   69%         5    #####..
 Sandblast                Erth           #.....       4%          1    None
 Simulacrum               Ice/Necr       #.........   99%         6    ######.
 Chain Lightning          Conj/Air       #.........   100%        8    #######
 Excruciating Wounds      Chrm/Necr      ##........   47%         5    #####..
 Portal Projectile        Hex/Tloc       #.....       12%         3    #......
 Petrify                  Tmut/Erth      ###.....     11%         4    ###....
 Passage of Golubria      Tloc           N/A          36%         4    ###....
 Malign Gateway           Summ/Tloc      #.........   100%        7    #######
 Summon Hydra             Summ           #.........   100%        7    #######
 Darkness                 Hex            #.........   99%         6    ######.
 Inner Flame              Hex/Fire       #.......     12%         3    #......
 Aura of Abjuration       Summ           #.........   69%         5    #####..
 Beastly Appendage        Tmut           ####..       1%          1    None
 Disjunction              Tloc           #.........   100%        8    #######
 Fulminant Prism          Conj/Hex       #.........   36%         4    ###....
 Dazzling Spray           Conj/Hex       #.....       12%         3    #......
 Force Lance              Conj/Tloc      #.......     36%         4    ###....
 Infusion                 Chrm           ###.         1%          1    None
 Song of Slaying          Chrm           ###.....     1%          2    None
 Spectral Weapon          Hex/Chrm       ##......     6%          3    #......
 Searing Ray              Conj           #.....       6%          2    None
 Summon Guardian Golem    Hex/Summ       #.......     12%         3    #......
 Summon Mana Viper        Hex/Summ       #.......     69%         5    #####..
 Gell's Gravitas          Tloc           #.........   12%         3    #......
 Yara's Violent Unravell  Hex/Tmut       ###.......   28%         5    #####..
 Ignition                 Fire           #.........   100%        8    #######


Dungeon Overview and Level Annotations

Branches:
Dungeon (15/15)            Temple (0/1) D:5            Lair (5/6) D:8
  Swamp (3/4) Lair:3        Snake (2/4) Lair:3          Orc (2/2) D:9
    Elf (3/3) Orc:2        Vaults (0/5) D:14         Depths (1/5) D:15
  Slime: Lair:5-6

Altars:
Cheibriados
Gozag
Hepliaklqana
Kikubaaqudgha
Okawaru
Qazlal
Ru
Xom
Zin
The Shining One
Beogh

Shops:
D:8 =[   Orc:1 [   Orc:2 *[(:   Elf:1 [   Elf:3 ((}}=

Annotations:
D:1 exclusion: 2 downstairs
D:2 Natasha
D:3 1 runed door, exclusions: door, downstairs and upstairs
D:7 exclusion: downstairs
D:8 exclusion: 2 downstairs
D:9 exclusion: downstairs
D:10 exclusion: 2 downstairs
D:11 exclusion: downstairs
D:12 exclusion: 2 downstairs
Lair:1 exclusion: downstairs
Lair:4 exclusion: 3 downstairs
Lair:5 Nessos; Rupert
Swamp:1 exclusion: 2 downstairs
Swamp:2 exclusion: downstairs
Swamp:3 exclusion: thorn hunter
Snake:1 exclusion: 3 downstairs
Orc:1 exclusion: 2 downstairs
Elf:2 3 runed doors, exclusion: 3 doors


Innate Abilities, Weirdness & Mutations

You cannot wear most types of armour.
You are very stealthy in the water. (Stealth+)
You are amphibious.
You can wear up to eight rings at the same time.
You can use your tentacles to constrict eight enemies at once.
Your skin changes colour to match your surroundings (Stealth+).
Your rubbery body absorbs attacks. (AC +1, EV +1)
You are partially covered in large bone plates. (SH +4)
You have supernaturally acute eyesight. (SInv)
You are robust. (+10% HP)


Message History

The salamander is distracted by your gold.
You hear two shouts!
The two-headed ogre is distracted by your gold.
The ogre mage hits you with a club.
A two-headed ogre comes into view. It is wielding two giant clubs.
The two-headed ogre hits you with a giant spiked club!
The two-headed ogre hits you with a giant club!
The two-headed ogre shouts in stereo!
You hear a shout!
The ogre mage gestures wildly while chanting.
The ogre mage seems to speed up.
The salamander is no longer distracted by gold.
The salamander hits you from afar with a spear!
You are engulfed in flames!
You resist. The ogre mage hits you with a club!
The two-headed ogre hits you with a giant club!
The two-headed ogre hits you with a giant spiked club!!
* * * LOW HITPOINT WARNING * * *
The two-headed ogre hits you with a giant spiked club!!
You die...
Your body crumbles into a pile of gold.

....... ....
.c..... ....
......O .....
......O .....
.≈≈≈≈OO .....≈
..≈§§OO##..§.≈≈
§§≈≈.DOOO.≈...≈
..≈≈§§O@.N..#
..≈§§§......#
..§≈..........#
...§§.....≈≈..#
.....#........#
######.........
###..#....
#####..


You could see a fire dragon, a salamander, 7 two-headed ogres, an ogre mage, 2
ogres and a centaur.

Vanquished Creatures
  3 deep elf master archers (Elf:3)
  Kirke (Elf:1)
  Frances (D:14)
  A fire giant (D:15)
  Donald (Orc:2)
  3 orc warlords
  5 deep elf sorcerers (Elf:3)
  6 deep elf elementalists (Elf:3)
  The ghost of Darkshadow the Peltast, a journeyman MiBe of Trog (D:13)
  4 deep elf demonologists (Elf:3)
  7 deep elf annihilators (Elf:3)
  The ghost of slAvIk159 the Fighter, a journeyman MiFi of Okawaru (D:13)
  4 deep elf death magi
  Snorg (Orc:2)
  4 deep elf high priests (Elf:3)
  Erolcha (D:12)
  3 naga warriors (Snake:1)
  A catoblepas (D:14)
  A ghost crab (Swamp:2)
  8 hydras
  2 anacondas
  3 centaur warriors
  A death knight (D:12)
  8 two-headed ogres
  2 death yaks
  2 tengu warriors (D:14)
  2 alligators
  3 naga sharpshooters (Snake:1)
  4 orc high priests
  Nergalle (Lair:3)
  3 shock serpents (Snake:1)
  12 deep elf knights
  3 unseen horrors
  2 naga ritualists
  A shambling mangrove (Swamp:3)
  5 deep elf archers (Elf:2)
  3 swamp dragons
  A harpy (D:11)
  2 necromancers
  7 orc knights
  44 deep elf magi
  4 cyclopes
  3 ugly things
  2 salamanders (Snake:1)
  8 orc sorcerers
  6 mana vipers (Snake:1)
  3 large abominations (Elf:1)
  3 manticores
  A cyclops (shapeshifter) (D:12)
  Maurice (Orc:2)
  3 centaur zombies
  2 guardian serpents (Snake:1)
  11 black mambas
  A gargoyle (D:12)
  4 naga magi (Snake:1)
  3 kobold demonologists
  6 centaur skeletons
  14 spiny frogs
  2 rime drakes (Lair:1)
  4 komodo dragons
  A yaktaur (D:15)
  3 freezing wraiths
  2 tengu conjurers
  11 trolls
  5 polar bears
  A tyrant leech (Swamp:1)
  A hornet (Swamp:2)
  Grinder (D:4)
  12 blink frogs
  5 hippogriffs
  3 bog bodies (Swamp:1)
  A dream sheep (D:12)
  17 slime creatures
  3 air elementals
  Sigmund (D:4)
  A wyvern (D:14)
  A spriggan (Swamp:2)
  2 water elementals (Elf:1)
  32 yaks
  2 fire elementals
  4 wraiths (D:12)
  16 vampire mosquitoes
  4 basilisks
  A hungry ghost (D:10)
  12 swamp worms
  7 wargs
  15 nagas
  8 insubstantial wisps
  8 water moccasins
  9 porcupines
  Duvessa (D:4)
  44 orc warriors
  4 sky beasts
  A hornet zombie (D:14)
  3 ice beasts
  5 black bears
  4 phantoms
  2 swamp drakes
  2 eyes of draining
  A necrophage (D:12)
  21 wolves
  11 ogres
  22 centaurs
  10 crocodiles
  Blork the orc (D:4)
  A bullfrog (shapeshifter) (Elf:2)
  3 big kobolds
  17 bullfrogs
  2 elf zombies (Elf:1)
  2 wyvern zombies
  A gnoll sergeant (D:10)
  Dowan (D:4)
  A wyvern skeleton (D:12)
  A scorpion (Lair:3)
  16 killer bees
  10 wights
  6 howler monkeys
  6 crimson imps
  3 bullfrog zombies
  3 jellies
  2 quasits
  25 orc wizards
  4 bullfrog skeletons
  5 hounds
  18 orc priests
  3 iguanas
  10 worker ants
  A hell rat (Lair:1)
  A hound zombie (D:6)
  2 hound skeletons
  A worker ant zombie (D:9)
  12 gnolls
  9 adders
  5 river rats (Lair:1)
  3 shadow imps
  An adder zombie (D:6)
  An adder skeleton (D:7)
  3 worms (D:3)
  3 dart slugs
  4 leopard geckos
  78 orcs
  3 ball pythons
  2 bat zombies (D:9)
  8 giant cockroaches
  10 goblins
  12 hobgoblins
  7 jackals (D:4)
  A quokka (D:2)
  A ball python zombie (D:5)
  10 bats
  8 frilled lizards
  18 kobolds
  9 rats
  2 bushes (Bazaar)
  7 fungi
  4 plants
936 creatures vanquished.

Vanquished Creatures (collateral kills)
  An orc high priest (Orc:2)
  An orc knight (Orc:2)
  A hornet (Lair:3)
  A hippogriff (Lair:3)
  A naga (Lair:3)
  2 orc warriors (Orc:2)
  An ogre (Orc:2)
8 creatures vanquished.

Vanquished Creatures (others)
  12 dancing weapons
  A rime drake (Lair:3)
  A hippogriff (Lair:1)
  A human (Elf:1)
  A yak (Lair:3)
  A wolf (Lair:1)
  34 fungi
  10 plants
61 creatures vanquished.

Grand Total: 1005 creatures vanquished

Notes
Turn   | Place    | Note
-------+----------+-------------------------------------------
     0 | D:1      | DrEnzyme the Octopode Wanderer began the quest for the Orb.
     0 | D:1      | DrEnzyme set off with: a +2 quarterstaff, a potion of curing, a potion of lignification, a ration
     0 | D:1      | Reached XP level 1. HP: 17/17 MP: 1/1
    59 | D:1      | Reached XP level 2. HP: 16/22 MP: 2/2
   146 | D:1      | Reached skill level 1 in Unarmed Combat
   349 | D:1      | Reached XP level 3. HP: 26/27 MP: 3/3
   874 | D:2      | Found a faded altar of an unknown god.
  1158 | D:2      | Found a glowing golden altar of the Shining One.
  1184 | D:2      | Noticed Natasha
  1195 | D:3      | Noticed a bullfrog
  1206 | D:3      | Found a sacrificial altar of Ru.
  1256 | D:3      | Reached XP level 4. HP: 34/34 MP: 4/4
  1325 | D:3      | Noticed a fire elemental
  1328 | D:3      | Found a stormy altar of Qazlal.
  1366 | D:3      | Noticed a water elemental
  1369 | D:3      | Noticed an earth elemental
  1369 | D:3      | Noticed an air elemental
  1414 | D:3      | Reached skill level 3 in Dodging
  1466 | D:3      | Reached XP level 5. HP: 16/38 MP: 5/5
  1829 | D:3      | Reached skill level 5 in Fighting
  2139 | D:3      | Reached XP level 6. HP: 40/45 MP: 6/6
  2208 | D:3      | Reached skill level 4 in Dodging
  2235 | D:3      | Found a runed door.
  2907 | D:4      | Noticed Blork the orc
  2984 | D:4      | Noticed Sigmund
  3234 | D:4      | Noticed Duvessa
  3234 | D:4      | Noticed Dowan
  3303 | D:5      | Entered Level 5 of the Dungeon
  3452 | D:5      | Found an opulent altar of Gozag.
  3492 | D:5      | Reached XP level 7. HP: 51/51 MP: 7/7
  3503 | D:5      | Found a staircase to the Ecumenical Temple.
  3794 | D:5      | Reached skill level 5 in Dodging
  3938 | D:5      | Learned a level 2 spell: Shroud of Golubria
  4054 | D:6      | Reached XP level 8. HP: 41/58 MP: 8/8
  4231 | D:6      | Reached skill level 5 in Unarmed Combat
  4918 | D:6      | Noticed a two-headed ogre
  5068 | D:5      | Reached skill level 6 in Dodging
  6528 | D:6      | Reached XP level 9. HP: 59/64 MP: 9/9
  6615 | D:6      | Killed a two-headed ogre
  6615 | D:6      | Reached skill level 7 in Dodging
  6635 | D:6      | Found a hazy altar of Hepliaklqana.
  6885 | D:5      | Became a worshipper of Gozag Ym Sagoz the Greedy
  8141 | D:7      | Reached skill level 8 in Dodging
  8541 | D:7      | Reached XP level 10. HP: 47/74 MP: 10/10
  9566 | D:8      | Found a glowing silver altar of Zin.
  9626 | D:8      | Noticed a two-headed ogre
 10851 | D:8      | Found a staircase to the Lair.
 10857 | D:8      | Reached skill level 1 in Spellcasting
 10862 | Lair:1   | Entered Level 1 of the Lair of Beasts
 11061 | Lair:1   | HP: 3/74 [wolf (9)]
 11067 | Lair:1   | Gained mutation: You have supernaturally acute eyesight. (SInv) [potion of mutation]
 11067 | Lair:1   | Gained mutation: You are partially covered in large bone plates. (SH +4) [potion of mutation]
 11067 | Lair:1   | Gained mutation: You are robust. (+10% HP) [potion of mutation]
 11507 | D:4      | Killed Blork the orc
 11507 | D:4      | Reached skill level 9 in Dodging
 11774 | D:4      | Noticed Grinder
 11793 | D:4      | Killed Grinder
 12044 | D:4      | Killed Duvessa
 12204 | D:4      | Killed Dowan
 12600 | D:4      | Killed Sigmund
 13475 | D:9      | Found a shimmering altar of Xom.
 13489 | D:9      | Noticed a cyan ugly thing
 13974 | D:9      | Found a staircase to the Orcish Mines.
 14200 | D:9      | Found an ancient bone altar of Kikubaaqudgha.
 14586 | D:10     | Entered Level 10 of the Dungeon
 14598 | D:9      | Reached XP level 11. HP: 77/88 MP: 16/16
 15657 | D:10     | Reached skill level 10 in Dodging
 15801 | D:10     | Reached skill level 10 in Unarmed Combat
 16519 | D:11     | Noticed a cyclops
 16558 | D:11     | Noticed Sonja
 16619 | D:11     | Noticed a manticore
 16820 | Lair:1   | Learned a level 3 spell: Regeneration
 17157 | Lair:1   | Noticed a seven-headed hydra
 17580 | Lair:1   | Learned a level 2 spell: Sticks to Snakes
 17793 | Lair:1   | Reached skill level 1 in Transmutations
 18284 | Lair:2   | Noticed a six-headed hydra
 19183 | Lair:2   | Reached XP level 12. HP: 57/95 MP: 9/18
 19535 | Lair:2   | Reached skill level 11 in Dodging
 19879 | Lair:3   | Reached skill level 10 in Fighting
 20109 | Lair:3   | Noticed Nergalle
 20204 | Lair:3   | Killed Nergalle
 20341 | Lair:3   | Got a jewelled scimitar
 20397 | Lair:3   | Reached skill level 5 in Evocations
 21590 | Lair:3   | Identified the +6 scimitar of Prescription {flame, rC+ rN+ Int+3} (You found it on level 3 of the Lair of Beasts)
 21599 | Lair:3   | Noticed an eight-headed hydra
 21625 | Lair:3   | Noticed an eight-headed hydra
 21660 | Lair:3   | Reached skill level 5 in Spellcasting
 22172 | Lair:3   | Found a staircase to the Swamp.
 22410 | Lair:3   | Found a staircase to the Snake Pit.
 23053 | Lair:4   | Killed a six-headed hydra
 23053 | Lair:4   | Reached XP level 13. HP: 91/104 MP: 20/20
 23769 | Lair:5   | Noticed Rupert
 23843 | Lair:5   | Reached skill level 12 in Dodging
 24468 | Orc:1    | Entered Level 1 of the Orcish Mines
 24483 | Orc:1    | Found Mausehol's Antique Armour Shoppe.
 24540 | Orc:1    | Bought an embroidered hat for 182 gold pieces
 24664 | Orc:1    | Found a flagged portal.
 24684 | Bailey   | Entered a bailey
 26041 | Orc:1    | Learned a level 3 spell: Spider Form
 26045 | Orc:1    | Learned a level 3 spell: Spectral Weapon
 26051 | Orc:1    | Learned a level 5 spell: Blade Hands
 26055 | Orc:1    | Noticed an orc warlord
 27279 | D:11     | Learned a level 2 spell: Poisonous Vapours
 27279 | D:11     | Found a snail-covered altar of Cheibriados.
 28234 | D:12     | Noticed Urug
 28455 | D:11     | Noticed Sonja
 28455 | D:11     | Sonja changed into Sonja the harpy
 28462 | D:11     | Killed Sonja the harpy
 29049 | D:12     | Noticed Erolcha
 29145 | D:12     | Noticed Josephine
 29437 | D:13     | Noticed Darkshadow's ghost (journeyman MiBe)
 29448 | D:13     | Noticed slAvIk159's ghost (journeyman MiFi)
 29466 | D:12     | Noticed Josephine
 29466 | D:12     | Josephine changed into Josephine the dream sheep
 29477 | D:12     | Killed Josephine the dream sheep
 29713 | D:12     | Noticed Urug
 29713 | D:12     | Urug changed into Urug the glowing shapeshifter
 29714 | D:12     | Noticed Urug
 29714 | D:12     | Urug the glowing shapeshifter changed into Urug the glowing orange brain
 29719 | D:12     | Noticed Urug
 29719 | D:12     | Urug the glowing orange brain changed into Urug the merfolk
 29725 | D:12     | Noticed Urug
 29725 | D:12     | Urug the merfolk changed into Urug the cyclops
 29728 | D:12     | Killed Urug the cyclops
 29927 | D:12     | Killed Erolcha
 29927 | D:12     | Reached XP level 14. HP: 83/113 MP: 20/23
 30598 | D:8      | Identified a scroll of acquirement
 30601 | D:8      | Got a flickering ruby amulet
 30602 | D:8      | Identified the amulet of Ygur {*Corrode +Rage rElec rC+ SInv} (You acquired it on level 8 of the Dungeon)
 30645 | D:8      | Bought a glowing buckler for 195 gold pieces
 31326 | D:13     | Reached skill level 13 in Dodging
 31731 | D:8      | Bought an uncursed ring of protection from cold for 425 gold pieces
 32370 | Orc:1    | Noticed an orc warlord
 32396 | Orc:1    | HP: 7/171 [orc warlord/morningstar of protection (15)]
 32397 | Orc:1    | HP: 1/114 [orc warrior/hand axe[an orc warlord] (3)]
 33268 | Lair:5   | Noticed Nessos
 33680 | Snake:1  | Entered Level 1 of the Snake Pit
 34258 | Swamp:1  | Entered Level 1 of the Swamp
 35539 | Lair:3   | Reached skill level 1 in Charms
 35656 | D:9      | Learned a level 4 spell: Ice Form
 36051 | Orc:2    | Entered Level 2 of the Orcish Mines
 36051 | Orc:2    | Found Suiceo's Book Shoppe.
 36051 | Orc:2    | Noticed an orc warlord
 36460 | Orc:2    | Found a staircase to the Elven Halls.
 36487 | Orc:2    | Noticed Donald
 36781 | Orc:1    | Got a scintillating ivory ring
 36802 | Orc:1    | Killed an orc warlord
 36813 | Orc:1    | Got a clouded platinum ring
 37207 | Orc:2    | Found Tuadgh's Antique Weapon Shoppe.
 37287 | Orc:2    | Identified the ring of Ufene {Str+4 Stlth+} (You took it off an orc on level 1 of the Orcish Mines)
 37288 | Orc:2    | Identified the ring of Aroesuax {rCorr +Blink} (You took it off an orc warlord on level 1 of the Orcish Mines)
 37666 | Orc:1    | Killed an orc warlord
 37936 | Orc:1    | Learned a level 2 spell: Swiftness
 37939 | Orc:1    | Learned a level 2 spell: Sticks to Snakes
 38139 | D:8      | Bought an uncursed ring of poison resistance for 340 gold pieces
 38260 | Orc:2    | Found Gopyuwasche's General Store.
 38314 | Orc:2    | Found a roughly hewn altar of Beogh.
 38355 | Orc:2    | Noticed Maurice
 38377 | Orc:2    | Killed Maurice
 38403 | Orc:2    | Reached skill level 1 in Poison Magic
 38422 | Orc:2    | Reached XP level 15. HP: 75/119 MP: 21/25
 38814 | Orc:2    | Noticed Snorg
 38843 | Orc:2    | Killed Snorg
 38942 | Orc:2    | Found Duxzui's Antique Armour Emporium.
 38985 | Elf:1    | Entered Level 1 of the Elven Halls
 39068 | Elf:1    | Learned a level 4 spell: Olgreb's Toxic Radiance
 39201 | Elf:1    | Noticed Kirke
 40548 | Swamp:2  | Reached skill level 14 in Dodging
 41598 | Swamp:3  | Noticed a thorn hunter
 41791 | D:8      | Bought a ration for 55 gold pieces
 41791 | D:8      | Bought a ration for 55 gold pieces
 41791 | D:8      | Bought a ration for 55 gold pieces
 41791 | D:8      | Bought a ration for 55 gold pieces
 41791 | D:8      | Bought a ration for 55 gold pieces
 41861 | Snake:1  | Reached skill level 5 in Poison Magic
 42173 | Snake:1  | Reached skill level 5 in Shields
 42677 | Snake:1  | Identified the Catalogue of the Teacher
 43038 | Snake:1  | Learned a level 5 spell: Dispel Undead
 43476 | Snake:1  | Reached XP level 16. HP: 47/128 MP: 28/28
 43808 | Snake:2  | Noticed a nagaraja
 44615 | Orc:2    | Killed Donald
 44637 | Elf:1    | Killed Kirke
 45555 | Elf:1    | Found Icseckut's Armour Emporium.
 45634 | Elf:1    | Identified the Tome of Dark Secrets
 45934 | Elf:2    | Reached skill level 5 in Transmutations
 46070 | Elf:1    | Learned a level 1 spell: Summon Butterflies
 46265 | Elf:2    | Got a faintly glowing buckler
 46266 | Elf:2    | Identified the +2 buckler "Oraiw" {rC+ rN+} (You found it on level 2 of the Elven Halls)
 46456 | Elf:2    | Found a runed gate.
 46456 | Elf:2    | Found a runed gate.
 46456 | Elf:2    | Found a runed gate.
 46943 | Elf:2    | Reached skill level 15 in Dodging
 47072 | Elf:3    | Entered Level 3 of the Elven Halls
 47151 | Elf:3    | Found Vitiq's Weapon Shoppe.
 47168 | Elf:3    | Found Luecan's Weapon Emporium.
 47286 | Elf:3    | Found a gateway to a bazaar.
 47292 | Elf:3    | Reached XP level 17. HP: 129/137 MP: 29/29
 47410 | Elf:3    | Reached skill level 15 in Unarmed Combat
 47654 | Elf:3    | Found Ximei's Gadget Shoppe.
 47658 | Elf:3    | Found Wownauh's Jewellery Shop.
 47664 | Elf:3    | Found Peoku's Gadget Shoppe.
 48183 | Elf:3    | Noticed a deep elf master archer
 48191 | Elf:3    | Killed a deep elf master archer
 48342 | Elf:3    | Noticed an Ice Fiend
 48346 | Elf:3    | Noticed a Hell Sentinel
 48346 | Elf:3    | Noticed a deep elf master archer
 48347 | Elf:3    | Noticed an Ice Fiend
 48574 | D:8      | Bought a ration for 55 gold pieces
 48574 | D:8      | Bought a ration for 55 gold pieces
 48574 | D:8      | Bought a ration for 55 gold pieces
 48922 | Elf:3    | Noticed a deep elf master archer
 48929 | Elf:3    | Killed a deep elf master archer
 48931 | Elf:3    | Upgraded the game from 0.22-a0-469-gf26638a to 0.22-a0-475-g101988f
 48989 | Elf:3    | Noticed a Hell Sentinel
 49011 | Elf:3    | Noticed a deep elf blademaster
 49048 | Elf:3    | Killed a deep elf master archer
 49520 | Elf:3    | Got a brightly glowing bone ring
 49764 | Elf:3    | Got a scintillating silver ring
 50041 | Elf:3    | Got a slimy steel ring
 50104 | Elf:3    | Found the +3 sling "Punk" {acid, rCorr}
 50125 | Elf:3    | Identified the Almanac of Shifting Good Luck
 50136 | Elf:3    | Identified Sif Muna's Handbook of the Unstable Glacier
 50152 | Elf:3    | Identified the ring of the Prince {+Fly rC++ MP+9} (You took it off a deep elf sorcerer on level 3 of the Elven Halls)
 50154 | Elf:3    | Identified the ring of Rihobase {rF+ rN+ Dex+4} (You took it off a deep elf mage on level 3 of the Elven Halls)
 50156 | Elf:3    | Identified the ring of the Final Lives {rPois Str+4 Int+3} (You took it off a deep elf elementalist on level 3 of the Elven Halls)
 50189 | Elf:3    | Found the +0 sword of Power
 50211 | Elf:3    | Identified the Handbook of Aerial Beguiling
 50216 | Elf:3    | Identified Jeirraul's Catalogue of Scorching Intoxication
 50227 | Elf:3    | Identified the Disquisition on Feathers and the Mountains
 50261 | Elf:3    | Noticed a deep elf master archer
 50335 | Bazaar   | Entered a bazaar
 50335 | Bazaar   | Found Naovuhun's Magic Scroll Shop.
 50335 | Bazaar   | Found Godiq's Book Boutique.
 50335 | Bazaar   | Found Gaiga's Gadget Boutique.
 50335 | Bazaar   | Found Xyufidicia's Gadget Boutique.
 50335 | Bazaar   | Found Mus Kuith's General Store.
 50335 | Bazaar   | Found Mibroun's Weapon Shop.
 50367 | Bazaar   | Bought a ration for 85 gold pieces
 50367 | Bazaar   | Bought a ration for 85 gold pieces
 50377 | Bazaar   | Bought 2 scrolls of blinking for 240 gold pieces
 50377 | Bazaar   | Bought a scroll of summoning for 152 gold pieces
 50379 | Bazaar   | Bought a scroll of teleportation for 51 gold pieces
 50426 | Bazaar   | Bought a wand of polymorph (10) for 180 gold pieces
 50618 | Orc:2    | Bought a ration for 70 gold pieces
 50915 | D:13     | Killed slAvIk159's ghost
 51012 | D:13     | Reached skill level 15 in Fighting
 51012 | D:13     | Reached XP level 18. HP: 147/147 MP: 30/30
 51224 | D:13     | Killed Darkshadow's ghost
 51366 | D:14     | Noticed Frances
 51401 | D:14     | Killed Frances
 51777 | D:14     | Found an iron altar of Okawaru.
 52003 | D:14     | Found a gate to the Vaults.
 52185 | D:15     | Entered Level 15 of the Dungeon
 52298 | D:15     | Found a staircase to the Depths.
 52514 | D:15     | Reached skill level 16 in Dodging
 52979 | Depths:1 | Entered Level 1 of the Depths
 52985 | Depths:1 | Paralysed by an ogre mage for 7 turns
 52988 | Depths:1 | Slain by a two-headed ogre

Vault maps used:
D:1:      eino_arrival_cavern_d, minivault_26
D:2:      cheibrodos_old_hovel, nicolae_tso_carved_into_rock, first_ration,
          chequers_ecumenical_altar_grove, hangedman_decor_slide_cut,
          okawaru_altar_gauntlet_db, uniq_natasha
D:3:      overflow_temple_1_default, nicolae_qazlal_style_of_elements,
          uniq_crazy_yiuf_cottage
D:4:      roderic_lattice_a, hangedman_decor_opposing, minivault_26,
          uniq_blork_the_orc, uniq_duvessa, uniq_sigmund, uniq_grinder
D:5:      grunt_gozag_breadcrumbs, minmay_temple_entry_nine_rooms,
          hangedman_minor_gate_pass
D:6:      lemuel_coloured_pillars_altar
D:8:      lemuel_doored_altar, grunt_lair_entry_orc_guard_hut,
          kennysheep_generic_room_9
D:9:      lemuel_zombie_altar_kikubaaqudgha, xom_butterflies, orc_0_dummy,
          serial_glass, glass_columns_a, glass_columns_c, glass_columns_c,
          glass_columns_c, glass_columns_b
D:11:     basic_altar, grunt_tengu_nest, uniq_sonja
D:12:     uniq_erolcha, uniq_josephine, uniq_urug
D:14:     david_vaults_1, minmay_staircase_bubble, basic_altar, uniq_frances
D:15:     grunt_enter_depths_giant_problem, dk_noncrumbling_4
Lair:1:   kennysheep_abandoned_house, lemuel_fruit_fields
Lair:2:   grunt_forest_small_clearings, serial_bayou_shore_b
Lair:3:   beast_lair_carwin_large_1, minmay_swamp_entry_wisps,
          minmay_snake_entry_guardpost_small, small_statue_intersection,
          grunt_megastairs_5, infiniplex_staircase_pool, lemuel_fruit_fields,
          uniq_nergalle
Lair:4:   grunt_megastairs_2
Lair:5:   minmay_slime_entry_oklob_open, uniq_nessos, uniq_rupert
Swamp:1:  evilmike_swamp_ruin_house_2, swamp_pool3
Swamp:2:  nicolae_swamp_treefoil, swamp_pool2
Swamp:3:  infiniplex_staircase_pool_2
Snake:2:  uniq_vashnia
Orc:1:    serial_shops, nicolae_shop_waterfront, enter_bailey_3,
          minmay_orc_treasury
Orc:2:    grunt_orc_gardens, grunt_orc_garden, grunt_orc_garden,
          grunt_orc_garden, grunt_orc_garden, basic_altar, uniq_donald,
          uniq_snorg, uniq_maurice
Elf:1:    eino_elf_arrival_customs, serial_shops, shop, minmay_elf_necromancy,
          statue_in_the_mist_lemuel, uniq_kirke
Elf:3:    minmay_elf_hall_four_x, serial_shops, bzr_in_the_mist, shop,
          shop_fountains, spider_trap, minmay_shop_grove
Depths:1: four-leaf_vault, minmay_misc_feat_rugged, grunt_hell_entry_dis_grunt,
          mu_enter_wizlab_4, minmay_misc_feat_room, spider_trap, dispersion_dpeg
Bazaar:   bazaar_minmay_trees
Bailey:   bailey_polearm_4, bailey

Skill      XL: |  1  2  3  4  5  6  7  8  9 10 11 12 13 14 15 16 17 18 |
---------------+-------------------------------------------------------+-----
Unarmed Combat | 1 2 3 4 6 7 9 10 11 12 13 14 15 | 15.9
Dodging        | 3 4 5 6 8 9 10 11 12 13 14 15 16 | 16.0
Fighting       | 5 6 7 9 11 12 13 14 15 | 15.2
Spellcasting   | 3 4 5 6 7 8 |  8.4
Evocations     | 4 5 7 9 |  9.7
Transmutations | 1 2 3 6 |  6.3
Shields        | 4 5 7 9 |  9.9
Charms         | 3 |  3.2
Poison Magic   | 1 5 |  5.5
Maces & Flails | |  1.0
Staves         | |  1.0

Action                   |  1- 3 |  4- 6 |  7- 9 | 10-12 | 13-15 | 16-18 || total
-------------------------+-------+-------+-------+-------+-------+-------++-------
Melee: Quarterstaff      |    71 |    16 |       |       |       |       ||    87
       Constrict         |    18 |    38 |    48 |   137 |   194 |   119 ||   554
       Tentacles         |     7 |    32 |    51 |   197 |   419 |   237 ||   943
       Punch             |     1 |     3 |    10 |    73 |   234 |   134 ||   455
       Unarmed           |       |   128 |   228 |   872 |  1612 |   737 ||  3577
       Scimitar          |       |       |       |       |    12 |       ||    12
 Cast: Shroud of Golubri |       |       |       |    53 |   202 |   102 ||   357
       Regeneration      |       |       |       |    26 |    74 |   116 ||   216
       Poisonous Vapours |       |       |       |       |    70 |    11 ||    81
       Blade Hands       |       |       |       |       |     2 |    26 ||    28
       Spider Form       |       |       |       |       |     2 |       ||     2
       Summon Butterflie |       |       |       |       |       |     7 ||     7
       Olgreb's Toxic Ra |       |       |       |       |       |     3 ||     3
Invok: Potion Petition   |       |       |       |     3 |    10 |     2 ||    15
       Call Merchant     |       |       |       |     1 |     2 |       ||     3
 Abil: Evoke Blink       |       |       |       |       |    27 |     3 ||    30
Evoke: Wand              |       |       |     4 |    38 |    71 |       ||   113
       Box of beasts     |       |       |       |       |     5 |       ||     5
       Phantom mirror    |       |       |       |       |     1 |       ||     1
       Lamp of fire      |       |       |       |       |       |     1 ||     1
  Use: Scroll            |     7 |     2 |     9 |    15 |    18 |     8 ||    59
       Potion            |       |     3 |     3 |    12 |    16 |     5 ||    39
 Stab: Sleeping          |     3 |     6 |     7 |     6 |     7 |    10 ||    39
       Distracted        |       |       |     1 |     4 |    13 |     4 ||    22
       Invisible         |       |       |       |     1 |     3 |       ||     4
  Eat: Chunk             |     1 |     7 |    11 |       |       |       ||    19
       Ration            |       |       |     2 |    16 |    22 |    14 ||    54
Armor: Skin              |    10 |     8 |    17 |    19 |    39 |    10 ||   103
Dodge: Dodged            |    63 |    86 |   138 |   652 |  1150 |   315 ||  2404
Block: Other             |       |       |       |   100 |    90 |    10 ||   200
       Buckler           |       |       |       |       |   538 |   241 ||   779
       Shield            |       |       |       |       |       |     4 ||     4
       Rpst.: Scimitar   |       |       |       |       |     4 |       ||     4

Table legend:
 A = Spawn XP
 B = Non-spawn XP
 C = Spawn XP percentage of total XP
 D = Spawn monster count
 E = Non-spawn monster count
 F = Spawn count percentage of total count
 G = Total turns spent on level
                    A         B        C        D         E        F      G
               +---------+---------+-------+---------+---------+-------+---------
         Total |       0 |  270550 |   0.0 |       0 |     944 |   0.0 | 52988
               +---------+---------+-------+---------+---------+-------+---------
           D:1 |       0 |      50 |   0.0 |       0 |      26 |   0.0 |   632
           D:2 |       0 |      23 |   0.0 |       0 |      16 |   0.0 |   561
           D:3 |       0 |     357 |   0.0 |       0 |      35 |   0.0 |  1517
           D:4 |       0 |    1338 |   0.0 |       0 |      32 |   0.0 |  1764
           D:5 |       0 |    1039 |   0.0 |       0 |      20 |   0.0 |  1877
           D:6 |       0 |    2001 |   0.0 |       0 |      23 |   0.0 |  2108
           D:7 |       0 |    1323 |   0.0 |       0 |      31 |   0.0 |  1960
           D:8 |       0 |    1504 |   0.0 |       0 |      23 |   0.0 |  3236
           D:9 |       0 |    1828 |   0.0 |       0 |      32 |   0.0 |  2613
          D:10 |       0 |    3254 |   0.0 |       0 |      40 |   0.0 |  2286
          D:11 |       0 |    6736 |   0.0 |       0 |      38 |   0.0 |  2372
          D:12 |       0 |    9410 |   0.0 |       0 |      40 |   0.0 |  2272
          D:13 |       0 |   10187 |   0.0 |       0 |      26 |   0.0 |  1171
          D:14 |       0 |   13478 |   0.0 |       0 |      32 |   0.0 |   901
          D:15 |       0 |   10872 |   0.0 |       0 |      23 |   0.0 |   794
        Lair:1 |       0 |    4912 |   0.0 |       0 |      35 |   0.0 |  2209
        Lair:2 |       0 |    5688 |   0.0 |       0 |      22 |   0.0 |  2635
        Lair:3 |       0 |   12008 |   0.0 |       0 |      52 |   0.0 |  2679
        Lair:4 |       0 |    4105 |   0.0 |       0 |      13 |   0.0 |  1866
        Lair:5 |       0 |    2217 |   0.0 |       0 |       8 |   0.0 |   342
       Swamp:1 |       0 |    6374 |   0.0 |       0 |      21 |   0.0 |  1560
       Swamp:2 |       0 |   13861 |   0.0 |       0 |      42 |   0.0 |  1717
       Swamp:3 |       0 |    1842 |   0.0 |       0 |       3 |   0.0 |   128
       Snake:1 |       0 |   22050 |   0.0 |       0 |      44 |   0.0 |  2371
       Snake:2 |       0 |    1232 |   0.0 |       0 |       3 |   0.0 |   145
         Orc:1 |       0 |   10764 |   0.0 |       0 |      68 |   0.0 |  3037
         Orc:2 |       0 |   16594 |   0.0 |       0 |      57 |   0.0 |  1754
         Elf:1 |       0 |   18404 |   0.0 |       0 |      31 |   0.0 |  1775
         Elf:2 |       0 |   21975 |   0.0 |       0 |      36 |   0.0 |  1111
         Elf:3 |       0 |   64315 |   0.0 |       0 |      64 |   0.0 |  2961
        Bailey |       0 |     809 |   0.0 |       0 |       8 |   0.0 |   528
               +---------+---------+-------+---------+---------+-------+---------
